 Dungeon Crawl Stone Soup version 0.32-a0-312-g1d7162e751 (webtiles) character file.

Game seed: 5895236516893518561

12407 Essalna the Destroyer (level 11, -8/64 HPs)
             Began as a Deep Elf Air Elementalist on Feb 15, 2024.
             Was a Believer of Vehumet.
             Mangled by a wolf spider (14 damage)
             ... in a Gauntlet.
             The game lasted 00:33:17 (12619 turns).

Essalna the Destroyer (Deep Elf Air Elementalist)  Turns: 12619, Time: 00:33:17

Health: -8/64      AC: 13    Str:  5    XL:     11   Next: 62%
Magic:  2/20       EV: 15    Int: 30    God:    Vehumet [**....]
Gold:   475        SH:  0    Dex: 15    Spells: 1/20 levels left

rFire   + + .        E - +5 spear of Ugynwaq {venom, +Blink rF++ Int+2 Stlth+}
rCold   + . .        (no shield)
rNeg    . . .        B - +2 leather armour {rPois}
rPois   +            J - +2 hat {Int+3}
rElec   +            d - +0 cloak
rCorr   .            (no gloves)
SInv    .            (no boots)
Will    +....        (no amulet)
Stlth   +++          h - ring of protection from cold
HPRegen 0.30/turn    L - ring of Bideet {rElec AC+4}
MPRegen 0.17/turn

%: no teleportation
@: no status effects
A: no striking features
a: Renounce Religion, Evoke Blink


You were in a Gauntlet.
You worshipped Vehumet.
Vehumet was pleased with you.
You visited 2 branches of the dungeon, and saw 12 of its levels.
You also visited: Gauntlet.

You collected 475 gold pieces.

Inventory:

Hand Weapons
 c - a +0 dagger
 k - a +3 flail of protection
 E - the +5 spear of Ugynwaq (weapon) {venom, +Blink rF++ Int+2 Stlth+}
   (You found it on level 7 of the Dungeon)

   Int+2:     It affects your intelligence (+2).
   rF++:      It greatly protects you from fire.
   +Blink:    It lets you blink.
   Stlth+:    It makes you more stealthy.
Missiles
 w - 2 throwing nets
Armour
 a - a +0 robe
 d - a +0 cloak (worn)
 m - a +0 helmet
 B - a +2 leather armour of poison resistance (worn)
 J - a +2 hat of intelligence (worn)
Jewellery
 f - an amulet of faith
 h - a ring of protection from cold (left hand)
 L - the ring of Bideet (right hand) {rElec AC+4}
   (You acquired it on level 10 of the Dungeon)

   [ring of protection]

   AC+4:      It affects your AC (+4).
   rElec:     It insulates you from electricity.
Wands
 C - a wand of paralysis (7)
 G - a wand of roots (17)
 K - a wand of mindburst (8)
Scrolls
 i - 2 scrolls of fog
 l - 2 scrolls of torment
 n - 3 scrolls of poison
 r - 2 scrolls of fear
 t - a scroll of enchant armour
 v - a scroll of amnesia
 A - a scroll of revelation
 I - a scroll of teleportation
Potions
 b - 2 potions of magic
 e - 4 potions of haste
 g - 3 potions of berserk rage
 j - 3 potions of brilliance
 p - 2 potions of enlightenment
 q - a potion of invisibility {unknown}
 s - 2 potions of lignification {unknown}
 u - 2 potions of curing
 x - a potion of heal wounds {unknown}
 z - a potion of cancellation {unknown}
 D - a potion of mutation {unknown}
 F - a potion of ambrosia {unknown}
 H - 3 potions of degeneration {unknown}


   Skills:
 + Level 5.6 Fighting
 + Level 5.6 Armour
 + Level 8.6 Dodging
 - Level 2.4 Stealth
 - Level 5.0 Spellcasting
 + Level 10.9 Conjurations
 - Level 7.3 Ice Magic
 - Level 9.0 Air Magic


You had one spell level left.
You knew the following spells:

 Your Spells              Type           Power      Damage    Failure   Level
a - Shock                 Conj/Air       100%       1d9       1%          1
b - Swiftness             Air            57%        N/A       1%          3
c - Freezing Cloud        Conj/Ice/Air   29%        6-21      6%          5
d - Iskenderun's Battles  Conj           65%        2d11      2%          5
e - Fireball              Conj/Fire      20%        3d10      26%         5

Your spell library contained the following spells:

 Spells                   Type           Power      Damage    Failure   Level
 Magic Dart               Conj           100%       1d8       1%          1
 Static Discharge         Conj/Air       100%       3-8/arc   1%          2
 Hailstorm                Conj/Ice       58%        3d11      1%          3
 Mephitic Cloud           Conj/Alch/Air  47%        N/A       1%          3
 Mercury Vapours          Alch/Air       68%        N/A       2%          2
 Airstrike                Air            28%        2d(5-21)  2%          4
 Dazzling Flash           Conj/Hex       80%        N/A       3%          3
 Summon Ice Beast         Ice/Summ       29%        N/A       6%          3
 Brom's Barrelling Bould  Conj/Erth      40%        2d6       10%         4
 Conjure Ball Lightning   Conj/Air       30%        3x3d10    24%         6
 Silence                  Hex/Air        17%        N/A       36%         5
 Orb of Destruction       Conj           32%        9d10      65%         7
 Curse of Agony           Necr           7%         N/A       94%         5
 Sculpt Simulacrum        Ice/Alch       14%        N/A       97%         6


Dungeon Overview and Level Annotations

Branches:
Dungeon (11/15)            Temple (1/1) D:4            Lair (0/5) D:8
Gauntlet (1/1)
    Orc: D:9-12

Altars:
Ashenzari
Cheibriados
Dithmenos
Elyvilon
Fedhas
Gozag
Hepliaklqana
Kikubaaqudgha
Makhleb
Nemelex Xobeh
Okawaru
Qazlal
Ru
Sif Muna
Trog
Uskayaw
Vehumet
Wu Jian
Xom
Yredelemnul
Zin
The Shining One

Shops:
D:6 ?*   D:8 **

Annotations:
D:3 3 runed translucent doors, HourglassMan's ghost, amateur MDMo
D:4 2 transporters
Temple 4 transporters Gauntlet 9 transporters, exclusions: lightning spire and orange crystal statue


Message History

Casting: Iskenderun's Battlesphere (dangerous; 2% risk of failure)
Confirm with . or Enter, or press ? or * to list all spells.
Aiming: Freezing Cloud (dangerous; 6% risk of failure)
Press: ? - help, Dir - move target The redback is engulfed in freezing vapours.
The redback bites you!
The redback is engulfed in freezing vapours.
The redback bites you!
The wolf spider fails to trigger a net trap.
Casting: Freezing Cloud (dangerous; 6% risk of failure)
Confirm with . or Enter, or press ? or * to list all spells.
Aiming: Shock (safe; 1% risk of failure)
Press: ? - help, Shift-Dir - straight line The zap hits the redback.
The redback is severely wounded.
The zap hits the redback!
The redback is almost dead.
The redback is engulfed in freezing vapours.
You kill the redback!
Vehumet accepts your kill.
The wolf spider is engulfed in freezing vapours.
The wolf spider fails to trigger a net trap.
The wolf spider is engulfed in freezing vapours.
The wolf spider hits you!
* * * LOW HITPOINT WARNING * * *
The wolf spider bites you.
* * * LOW HITPOINT WARNING * * *
You feel better.
The wolf spider is engulfed in freezing vapours.
The wolf spider hits you!!
* * * LOW HITPOINT WARNING * * *
The wolf spider bites you but does no damage.
You feel better.
The wolf spider is engulfed in freezing vapours.
The wolf spider hits you!
* * * LOW HITPOINT WARNING * * *
The wolf spider closely misses you.
The wolf spider is engulfed in freezing vapours.
The wolf spider hits you!
You die...

####...###########...###########§
.....§.............≈.............
....≈ß≈...........≈ߧ............
.....§.............≈............§
####...###########...###########.
...#...#....^.§.§#...#.^.......#.
#..#...#..^###§§§#...#.#....^#.#.
##.#####....#.○s§#####..##.##..#.
#..#...#§#.©#..#@#...#..##.##.?#.
#.©#©.©#.######.©#©.©#..#^©.#I©#.
#..#...#.#..#..#[#...#..##.##.[#.
##)#####s...#..^[#####..##.##.$#.
#..#...#...###.^.#...#.#^...^#.#.
...#.ß.#.........#.ß.#.^.....^.#.
####...###########...###########.
.................................
.................................


You could see a wolf spider.

Vanquished Creatures
  Gastronok (D:8)
  Amaemon (D:10)
  Pikel (D:6)
  An oklob plant (Gauntlet)
  A moth of wrath (Gauntlet)
  Jeremiah (D:9)
  An unseen horror (D:10)
  An orange demon (D:10)
  2 komodo dragons (D:8)
  2 hornets
  Grinder (D:6)
  2 vampires (D:10)
  A wyvern (D:8)
  Eustachio (D:6)
  22 yaks
  A redback (Gauntlet)
  A steam dragon (D:7)
  6 water moccasins
  An acid dragon (Gauntlet)
  4 orc warriors
  Duvessa (D:5)
  2 black bears
  An ice beast (D:7)
  A sky beast (D:6)
  An ogre (D:6)
  6 centaurs
  3 lemures (D:6)
  A kobold brigand (D:9)
  3 bullfrogs
  A gnoll sergeant (D:5)
  3 scorpions
  3 wights (D:10)
  Dowan (D:5)
  3 killer bees (D:9)
  3 howler monkeys
  2 hounds
  2 jellies
  An orc priest (D:5)
  2 iguanas
  2 orc wizards
  10 adders
  15 gnolls
  A shadow imp (D:6)
  2 white imps
  A dart slug (D:5)
  20 orcs
  5 endoplasms
  4 giant cockroaches
  6 hobgoblins
  5 jackals
  A quokka (D:5)
  8 ball pythons
  7 bats
  3 frilled lizards
  8 goblins
  8 kobolds
  5 rats
203 creatures vanquished.

Notes
Turn   | Place    | Note
-------+----------+-------------------------------------------
     0 | D:1      | Essalna the Deep Elf Air Elementalist began the quest for
                  | the Orb.
     0 | D:1      | Reached XP level 1. HP: 10/10 MP: 6/6
   229 | D:1      | Reached XP level 2. HP: 15/15 MP: 6/8
   464 | D:1      | Reached skill level 2 in Conjurations
   810 | D:1      | Reached XP level 3. HP: 19/19 MP: 8/10
  1037 | D:1      | Found a faded altar of an unknown god.
  1302 | D:1      | Learned a level 3 spell: Swiftness
  1444 | D:2      | Reached XP level 4. HP: 24/24 MP: 10/12
  1615 | D:2      | Found a bloodstained altar of Trog.
  1814 | D:2      | Reached skill level 3 in Conjurations
  2197 | D:2      | Reached XP level 5. HP: 28/28 MP: 10/14
  2203 | D:2      | Learned a level 5 spell: Freezing Cloud
  2588 | D:3      | You fall into a shaft and drop 2 floors!
  2588 | D:5      | Entered Level 5 of the Dungeon
  2593 | D:5      | Noticed a black bear
  2597 | D:5      | Found a glowing silver altar of Zin.
  2609 | D:5      | Found a hazy altar of Hepliaklqana.
  2869 | D:4      | Reached skill level 5 in Spellcasting
  3023 | D:3      | Found a white marble altar of Elyvilon.
  3030 | D:3      | Reached skill level 1 in Ice Magic
  3303 | D:3      | Noticed HourglassMan's ghost (amateur MDMo)
  3307 | D:3      | Found a runed translucent gate.
  3307 | D:3      | Found a runed translucent gate.
  3307 | D:3      | Found a runed translucent gate.
  3432 | D:4      | Found a staircase to the Ecumenical Temple.
  3448 | Temple   | Found a transporter.
  3448 | Temple   | Found a transporter.
  3448 | Temple   | Found a transporter.
  3448 | Temple   | Found a transporter.
  3448 | Temple   | Entered the Ecumenical Temple
  3575 | D:4      | Reached skill level 5 in Air Magic
  3575 | D:4      | Reached XP level 6. HP: 32/32 MP: 12/15
  3821 | D:4      | Reached skill level 4 in Conjurations
  3906 | D:4      | Found a hide-covered altar of Uskayaw.
  4036 | D:4      | Found a transporter.
  4093 | D:4      | Found a transporter.
  4694 | D:5      | Noticed Duvessa
  4695 | D:5      | Noticed Dowan
  4707 | D:5      | Killed Duvessa
  4708 | D:5      | Reached XP level 7. HP: 12/36 MP: 5/16
  4713 | D:5      | Killed Dowan
  4867 | D:5      | Reached skill level 5 in Conjurations
  5237 | D:5      | Found a radiant altar of Vehumet.
  5243 | D:5      | Became a worshipper of Vehumet
  5413 | D:6      | Found Qoqaat's Magic Scroll Emporium.
  5416 | D:6      | Noticed Pikel
  5507 | D:6      | Noticed Grinder
  5560 | D:6      | Noticed Eustachio
  5606 | D:7      | Reached skill level 6 in Conjurations
  5606 | D:7      | Reached XP level 8. HP: 26/41 MP: 2/17
  5689 | D:7      | Reached skill level 5 in Ice Magic
  5877 | D:7      | Found a shimmering altar of Xom.
  6137 | D:7      | Learned a level 5 spell: Iskenderun's Battlesphere
  6240 | D:7      | Reached skill level 7 in Conjurations
  6298 | D:6      | Killed Eustachio
  6321 | D:6      | Reached XP level 9. HP: 45/45 MP: 10/18
  6422 | D:6      | Paralysed by Grinder for 4 turns
  6430 | D:6      | Killed Grinder
  6727 | D:6      | Killed Pikel
  6728 | D:6      | Reached skill level 1 in Fighting
  6728 | D:6      | Reached skill level 1 in Armour
  6728 | D:6      | Reached skill level 8 in Conjurations
  6811 | D:6      | Found Juid's Assorted Antiques.
  6920 | D:6      | Reached * piety under Vehumet
  6920 | D:6      | Offered knowledge of Foxfire by Vehumet.
  7363 | D:7      | Identified the +5 spear of Ugynwaq {venom, +Blink rF++
                  | Int+2 Stlth+}
  7759 | D:8      | Noticed a komodo dragon
  7762 | D:8      | Noticed a komodo dragon
  8095 | D:8      | Noticed Gastronok
  8305 | D:8      | Found Pojaqopp's Assorted Antiques.
  8325 | D:8      | Reached XP level 10. HP: 49/54 MP: 14/19
  8440 | D:8      | Reached skill level 5 in Dodging
  8497 | D:8      | Found a staircase to the Lair.
  8507 | D:8      | Reached skill level 9 in Conjurations
  8906 | D:8      | Killed Gastronok
  9026 | D:8      | Found Osisauli's Serpentskin Sales.
 10026 | D:9      | Noticed Jeremiah
 10036 | D:9      | Killed Jeremiah
 10037 | D:9      | Reached skill level 10 in Conjurations
 10200 | D:9      | Found a burning altar of Makhleb.
 10224 | D:10     | Entered Level 10 of the Dungeon
 10313 | D:10     | Reached XP level 11. HP: 51/62 MP: 8/20
 10861 | D:10     | Offered knowledge of Magic Dart by Vehumet.
 10865 | D:10     | Reached ** piety under Vehumet
 10876 | D:10     | Reached skill level 5 in Fighting
 11033 | D:10     | Reached skill level 5 in Armour
 11161 | D:10     | Learned a level 5 spell: Fireball
 11166 | D:10     | Noticed Amaemon
 11182 | D:10     | Killed Amaemon
 11361 | D:10     | Identified the +3 leather armour of Voracious Mirth {*Slow
                  | rF+ Will+ rCorr}
 11839 | D:10     | Identified a scroll of acquirement
 11840 | D:10     | Acquired the ring of Bideet {rElec AC+4}
 11864 | D:11     | Found a gate leading to a gauntlet.
 11895 | Gauntlet | Entered a Gauntlet
 11895 | Gauntlet | Noticed a sixfirhy
 11895 | Gauntlet | Found a transporter.
 11895 | Gauntlet | Found a transporter.
 11896 | Gauntlet | Found a transporter.
 11899 | Gauntlet | Found a transporter.
 11899 | Gauntlet | Found a transporter.
 11899 | Gauntlet | Found a transporter.
 11907 | Gauntlet | Noticed a wolf spider
 11909 | Gauntlet | Found a transporter.
 11910 | Gauntlet | Noticed a lightning spire
 11913 | Gauntlet | Found a transporter.
 11923 | Gauntlet | Found a transporter.
 11932 | Gauntlet | Noticed a ghost crab
 12018 | Gauntlet | Noticed an oklob plant
 12025 | Gauntlet | Found a transporter.
 12025 | Gauntlet | Found the +0 mask of the Dragon {Will+ Slay+3 SInv}
 12029 | Gauntlet | Found a transporter.
 12041 | Gauntlet | Found a transporter.
 12043 | Gauntlet | Noticed an orange crystal statue
 12395 | Gauntlet | Killed an oklob plant
 12619 | Gauntlet | Mangled by a wolf spider

Illustrated notes

Levels and vault maps discovered:
D:1:      dpeg_arrival_connections, layout_loops_corners,
          shapermc_ecumenical_altar_ellora
D:2:      layout_basic, basic_altar
D:3:      layout_loops_ring, mainiacjoe_overflow_chevrons,
          gammafunk_ghost_split, reono_crystal_passage,
          chequers_serial_rivers_micro_b, wad_rectangle_vault
D:4:      gammafunk_cloud_chamber, layout_basic, kennysheep_little_box,
          minmay_temple_entry_gardened_gates, corexii_hall_statues_x,
          minivault_11
D:5:      layout_basic, minitemple, nicolae_vehumet_altar_sigil, uniq_duvessa
D:6:      layout_cave_pools, serial_shops, nicolae_square_shop,
          nicolae_shop_waterfront, uniq_pikel, uniq_eustachio, uniq_grinder
D:7:      layout_rooms, mainiacjoe_overflow_paths, grunt_ministairs_14,
          palyth_stone_intersect, kennysheep_doodads
D:8:      layout_rooms, due_lair_maze_entry_diamond, serial_corexii_hall,
          chequers_hall_statues_y, chequers_hall_statues_wall_a, serial_shops,
          nicolae_shop_pleasant_corner_grove, hex_large, guppyfry_shop_venom,
          uniq_gastronok
D:9:      layout_roguey, lightli_temple_of_fire, uniq_jeremiah
D:10:     layout_basic, evilmike_minifort, uniq_amaemon
D:11:     layout_basic, serial_shops, nicolae_inconvenience_store,
          gauntlet_entry_generic, hellmonk_guarded_unrand_lears
Temple:   hellmonk_temple_divided_pantheon
Gauntlet: gammafunk_gauntlet_hard_choice [nicolae_gauntlet_arena_quarters,
          gammafunk_gauntlet_arena_chambers, gammafunk_gauntlet_arena_corners,
          nicolae_gauntlet_arena_t_cross, gammafunk_gauntlet_arena_crates,
          nicolae_gauntlet_arena_blocks, nicolae_gauntlet_exit_dead_adventurers]

Skill      XL: |  1  2  3  4  5  6  7  8  9 10 11 |
---------------+----------------------------------+-----
Conjurations   | 2 3 4 6 7 8 10 | 10.9
Spellcasting   | 4 5 |  5.0
Air Magic      | 4 5 6 8 9 |  9.0
Ice Magic      | 1 3 4 6 7 |  7.3
Fighting       | 2 4 5 |  5.6
Armour         | 2 4 5 |  5.6
Dodging        | 4 7 8 |  8.6
Stealth        | |  2.4

Action                     |  1- 3 |  4- 6 |  7- 9 | 10-12 || total
---------------------------+-------+-------+-------+-------++-------
  Melee: Flail             |       |     3 |     5 |       ||     8
         Spear             |       |       |     1 |    10 ||    11
   Cast: Shock             |    50 |   111 |   221 |   159 ||   541
         Freezing Cloud    |       |       |     2 |    26 ||    28
         Iskenderun's Batt |       |       |    13 |    16 ||    29
         Swiftness         |       |       |       |     3 ||     3
    Use: Scroll            |       |     4 |     1 |    14 ||    19
         Potion            |       |       |     2 |     3 ||     5
 Armour: Robe              |     4 |    11 |    29 |       ||    44
         Leather armour    |       |       |    18 |    69 ||    87
  Dodge: Dodged            |     6 |    16 |    54 |    44 ||   120

Table legend: (Time is in decaauts)
 A = Elapsed time spent in this place.
 B = Non-inter-level travel time spent in this place.
 C = Inter-level travel time spent in this place.
 D = Time resting spent in this place.
 E = Time spent auto-exploring this place.
 F = Levels seen in this place.
 G = Mean time per level.
                   A        B        C        D        E       F      G
               +--------+--------+--------+--------+--------+-----+--------+
         Total |  12608 |  11989 |    619 |    836 |   9517 |  13 |  969.8 |
       Dungeon |  11867 |  11248 |    619 |    481 |   9357 |  11 | 1078.8 |
        Temple |     17 |     17 |      0 |      0 |      0 |   1 |   17.0 |
      Gauntlet |    723 |    723 |      0 |    355 |    160 |   1 |  723.0 |
               +--------+--------+--------+--------+--------+-----+--------+

Top non-repeatable levels by time:
    D:10: 1633 daAuts
     D:7: 1499 daAuts
     D:1: 1356 daAuts
     D:8: 1325 daAuts
     D:4: 1194 daAuts
     D:2: 1093 daAuts
     D:5: 1015 daAuts
     D:6: 1010 daAuts
     D:9: 1004 daAuts
Gauntlet: 723 daAuts
     D:3: 697 daAuts
    D:11: 36 daAuts
  Temple: 17 daAuts
